 Dungeon Crawl Stone Soup version 0.27-a0-1177-g245c70e1c0 (webtiles) character file.

Game seed: 12920337006295971709

27 Glokmah the Charlatan (level 2, -2/21 HPs)
             Began as a Demonspawn Artificer on May 16, 2021.
             Was a Believer of Ru.
             Slain by Sigmund
             ... wielding a +0 scythe
              (9 damage)
             ... on level 2 of the Dungeon.
             The game lasted 00:02:36 (1523 turns).

Glokmah the Charlatan (Demonspawn Artificer)        Turns: 1523, Time: 00:02:36

Health: -2/21      AC:  5    Str: 12    XL:     2   Next: 93%
Magic:  3/3        EV: 10    Int: 12    God:    Ru [**....]
Gold:   37         SH:  0    Dex: 13    Spells: 2/2 levels left

rFire    x . .     SeeInvis .   a - +0 short sword
rCold    x . .     Faith    .   (no shield)
rNeg     . . .     Spirit   .   j - +0 ring mail
rPois    .         Reflect  .   (no helmet)
rElec    .         Harm     .   (no cloak)
rCorr    .         Rampage  .   (no gloves)
Will     .....                  (no boots)
Stlth    ..........             (no amulet)
HPRegen  0.07/turn              (no ring)
MPRegen  0.08/turn              (no ring)

@: confused
A: talons 1, temperature sensitive
a: Renounce Religion


You were on level 2 of the Dungeon.
You worshipped Ru.
Ru was pleased with you.
You visited 1 branch of the dungeon, and saw 2 of its levels.

You collected 37 gold pieces.

Inventory:

Hand Weapons
 a - a +0 short sword (weapon)
Missiles
 f - 18 poisoned darts
Armour
 j - a +0 ring mail (worn)
Wands
 c - a wand of flame (12) (quivered)
 d - a wand of charming (15)
Scrolls
 g - a scroll of immolation {unknown}
 h - 3 scrolls of fog {unknown}
 i - a scroll of noise {unknown}
 k - a scroll of identify {unknown}
Potions
 b - a potion of haste {unknown}
Miscellaneous
 e - a piece from Xom's chessboard (14/15)


   Skills:
 + Level 1.6 Fighting
 - Level 1.7 Armour
 - Level 0.8 Dodging
 - Level 0.8 Stealth
 + Level 0.9 Spellcasting
 * Level 3.6 Evocations


You had 2 spell levels left.
You didn't know any spells.
Your spell library was empty.

Dungeon Overview and Level Annotations

Branches:
Dungeon (2/15)

Altars:
Ru

Annotations:
D:2 Sigmund


Innate Abilities, Weirdness & Mutations

You have sharp toenails.
You are sensitive to extremes of temperature. (rF-, rC-)


Message History

There is a stone staircase leading down here.
You climb downwards.
There is a stone staircase leading up here.
You climb upwards.
There is a stone staircase leading down here.
You see here a hobgoblin corpse.
There is a stone staircase leading down here.
You climb downwards.
There is a stone staircase leading up here.
You climb upwards.
There is a stone staircase leading down here.
You see here a +0 short sword.
There is an open door here.
There is an open door here.
Things that are here:
a +0 leather armour; a +0 club You open the door.
There is an open door here.
There is a stone staircase leading down here.
You climb downwards.
There is a stone staircase leading up here.
Sigmund the Dreaded comes into view.
He is wielding a +0 scythe.
Sigmund barely misses you. Sigmund hits you with a +0 scythe.
You hit Sigmund.
Sigmund is lightly wounded.
Sigmund closely misses you.
You hit Sigmund but do no damage. You claw Sigmund.
Sigmund is lightly wounded.
Sigmund hits you with a +0 scythe.
You focus your inner power and illuminate Sigmund in retribution!
You hit Sigmund.
Sigmund is lightly wounded.
Sigmund points at you and mumbles some strange words.
You are confused.
You hit Sigmund.
Sigmund is lightly wounded.
Sigmund hits you with a +0 scythe!
Sigmund hits you from afar with a +0 scythe!
You die...

# #. .#########
........ #
#.#...#
#.#.#...#####
#....@#.#....
#..@......#
#.###.....#
#.###.....#
#.#...###.#
#######.#.###
.# ..........#
#
#######.#######
.......<.......


You could see Sigmund (corona).

Vanquished Creatures
  A ball python (D:1)
  5 bats (D:1)
  4 endoplasms (D:1)
  3 giant cockroaches (D:1)
  3 goblins (D:1)
  2 hobgoblins (D:1)
  A frilled lizard (D:1)
  3 kobolds (D:1)
  2 rats (D:1)
24 creatures vanquished.

Notes
Turn   | Place    | Note
-------+----------+-------------------------------------------
     0 | D:1      | Glokmah the Demonspawn Artificer began the quest for the
                  | Orb.
     0 | D:1      | Reached XP level 1. HP: 15/15 MP: 1/1
   389 | D:1      | Gained mutation: You have sharp toenails. [demonic
                  | ancestry]
   389 | D:1      | Reached XP level 2. HP: 17/21 MP: 2/2
  1023 | D:1      | Found a faded altar of an unknown god.
  1032 | D:1      | Became a worshipper of Ru the Awakened
  1038 | D:1      | Gained mutation: You are sensitive to extremes of
                  | temperature. (rF-, rC-) [Ru sacrifice]
  1038 | D:1      | Reached * piety under Ru
  1038 | D:1      | Reached ** piety under Ru
  1517 | D:2      | Noticed Sigmund
  1523 | D:2      | Slain by Sigmund

Illustrated notes

Levels and vault maps discovered:
D:1:      psy_arrival_terrarium, layout_basic,
          hellmonk_ecumenical_altar_crossroads, hangedman_decor_opposing,
          kennysheep_decorative_pillar
D:2:      layout_basic, uniq_sigmund

Action                   || total
-------------------------++-------
Melee: Club              ||    14
       Short sword       ||    58
       Kick              ||    11
Invok: Sacrifice Resista ||     1
Evoke: Wand              ||     3
       Piece from Xom's  ||     1
 Stab: Sleeping          ||     1
       Invisible         ||     1
Armor: Leather armour    ||    50
       Ring mail         ||     1
Dodge: Dodged            ||    59

Table legend: (Time is in decaauts)
 A = Elapsed time spent in this place.
 B = Non-inter-level travel time spent in this place.
 C = Inter-level travel time spent in this place.
 D = Time resting spent in this place.
 E = Time spent auto-exploring this place.
 F = Levels seen in this place.
 G = Mean time per level.
                   A        B        C        D        E       F      G
               +--------+--------+--------+--------+--------+-----+--------+
         Total |   1534 |   1409 |    125 |      0 |   1183 |   2 |  767.0 |
       Dungeon |   1534 |   1409 |    125 |      0 |   1183 |   2 |  767.0 |
               +--------+--------+--------+--------+--------+-----+--------+

Top non-repeatable levels by time:
     D:1: 1515 daAuts
     D:2: 19 daAuts
